 Dungeon Crawl Stone Soup version 0.31.0-11-ge490571c62 (webtiles) character file.

Game seed: 10392192469921453625

344 oldriver the Trooper (level 6, 0/49 HPs)
             Began as a Formicid Alchemist on Feb 3, 2024.
             Slain by a scorpion (4 damage)
             ... on level 4 of the Dungeon.
             The game lasted 00:05:16 (4133 turns).

oldriver the Trooper (Formicid Alchemist)           Turns: 4133, Time: 00:05:16

Health: 0/49       AC:  5    Str: 13    XL:     6   Next: 89%
Magic:  9/9        EV: 12    Int: 14    God:
Gold:   187        SH:  5    Dex: 16    Spells: 8/9 levels left

rFire   . . .        a - +0 sling
rCold   . . .        (no shield)
rNeg    . . .        f - +0 robe
rPois   .            (helmet unavailable)
rElec   .            (no cloak)
rCorr   .            (no gloves)
SInv    +            g - +2 pair of boots
Will    .....        l - amulet of reflection
Stlth   +++          (no ring)
HPRegen 0.28/turn    (no ring)
MPRegen 0.11/turn

%: reflection
@: lethally poisoned (0 -> -13)
A: permanent stasis, dig shafts and tunnels, antennae 3, four strong arms
a: Dig, Shaft Self


You were on level 4 of the Dungeon.
You visited 1 branch of the dungeon, and saw 4 of its levels.

You collected 187 gold pieces.

Inventory:

Hand Weapons
 a - a +0 sling (weapon)
 b - a +1 short sword of venom
Armour
 f - a +0 robe (worn)
 g - a +2 pair of boots (worn)
 u - a +2 chain mail of positive energy
Jewellery
 l - an amulet of reflection (around neck)
Wands
 d - a wand of flame (18)
 k - a wand of iceblast (16)
 t - a wand of light (6)
Scrolls
 c - 5 scrolls of teleportation
 h - a scroll of revelation
 i - 2 scrolls of torment {unknown}
 j - 2 scrolls of amnesia
 m - a scroll of fog
 n - 2 scrolls of poison
 r - a scroll of fear {unknown}
 s - a scroll of enchant armour
 w - a scroll of identify
Potions
 e - 3 potions of curing
 o - a potion of magic
 p - a potion of haste
 q - a potion of cancellation {unknown}
 v - a potion of attraction {unknown}
 x - a potion of lignification {unknown}


   Skills:
 + Level 4.4 Fighting
 * Level 3.8 Ranged Weapons
 - Level 2.0 Dodging
 - Level 4.0 Stealth
 - Level 2.1 Spellcasting
 - Level 0.8 Conjurations
 - Level 4.0 Alchemy


You had 8 spell levels left.
You knew the following spells:

 Your Spells              Type           Power      Damage    Failure   Level
a - Sting                 Conj/Alch      32%        1d5       9%          1

Your spell library contained the following spells:

 Spells                   Type           Power      Damage    Failure   Level
 Mercury Vapours          Alch/Air       14%        N/A       16%         2
 Mephitic Cloud           Conj/Alch/Air  6%         N/A       34%         3
 Olgreb's Toxic Radiance  Alch           12%        N/A       41%         4
 Sticky Flame             Fire/Alch      7%         2d4       71%         4


Dungeon Overview and Level Annotations

Branches:
Dungeon (4/15)
 Temple: D:4-7

Altars:

Shops:
D:3 ?


Innate Abilities, Weirdness & Mutations

You cannot be hasted, slowed, berserked, paralysed or teleported.
You can dig through walls and to a lower floor.
You have a pair of large antennae on your head. (SInv)
Your four strong arms can wield two-handed weapons with a shield.


Message History

You block the scorpion's attack. The scorpion misses you.
You shoot a sling bullet. The sling bullet hits the scorpion.
The scorpion is heavily wounded.
You feel very sick. You block the scorpion's attack.
You shoot a sling bullet.
The sling bullet closely misses the scorpion.
You feel very sick. The scorpion stings you.
You are more poisoned.
The scorpion poisons you!
Fire: a) +0 sling
Press: ? - help, Shift-Dir - straight line, f/p - scorpion
Aim: a scorpion (heavily wounded, 60% to hit)
You shoot a sling bullet. The sling bullet hits the scorpion.
The scorpion is severely wounded.
You feel very sick.
The scorpion stings you but does no damage.
The scorpion stings you.
You are lethally poisoned!
The scorpion poisons you!
Fire: a) +0 sling
Press: ? - help, Shift-Dir - straight line, f/p - scorpion
Aim: a scorpion (severely wounded, 60% to hit)
You shoot a sling bullet.
The sling bullet hits the scorpion but does no damage.
The scorpion is severely wounded.
* * * LOW HITPOINT WARNING * * *
You feel extremely sick. The scorpion closely misses you.
Fire: a) +0 sling
Press: ? - help, Shift-Dir - straight line, f/p - scorpion
Aim: a scorpion (severely wounded, 60% to hit)
You shoot a sling bullet.
The sling bullet hits the scorpion but does no damage.
The scorpion is severely wounded.
* * * LOW HITPOINT WARNING * * *
You feel very sick. The scorpion closely misses you. The scorpion stings you.
You die...

{ ### # {..#
.#
#.#########.#
#.##.....@..#
#.##.#####s.#
#.##.# ##..#
#....# .. ..#
#.#..#.# ..#
###....# ..#
{ #.#### ..#
{ #....# ..#
{ ####..#.#


You could see a scorpion.

Vanquished Creatures
  An ogre (D:4)
  A bombardier beetle (D:3)
  A jelly (D:4)
  An iguana (D:4)
  Ijyb (D:4)
  5 adders
  3 dart slugs
  3 ribbon worms (D:2)
  3 orcs (D:4)
  4 ball pythons
  10 endoplasms
  4 giant cockroaches
  7 goblins
  4 hobgoblins
  4 jackals (D:1)
  4 quokkas
  6 bats
  5 frilled lizards
  7 kobolds
  8 rats
82 creatures vanquished.

Notes
Turn   | Place    | Note
-------+----------+-------------------------------------------
     0 | D:1      | oldriver the Formicid Alchemist began the quest for the
                  | Orb.
     0 | D:1      | Reached XP level 1. HP: 13/13 MP: 3/3
   154 | D:1      | Reached XP level 2. HP: 7/20 MP: 0/5
   226 | D:1      | Reached skill level 1 in Fighting
   780 | D:1      | Reached XP level 3. HP: 26/26 MP: 3/6
  1679 | D:2      | Found a faded altar of an unknown god.
  1880 | D:2      | Reached XP level 4. HP: 34/34 MP: 1/7
  2836 | D:3      | Reached skill level 1 in Ranged Weapons
  2836 | D:3      | Reached XP level 5. HP: 31/41 MP: 2/8
  2921 | D:3      | Found Cexkitsu's Magic Scroll Emporium.
  3708 | D:4      | Reached XP level 6. HP: 41/48 MP: 9/9
  3737 | D:4      | Noticed Ijyb
  3751 | D:4      | Killed Ijyb
  3911 | D:4      | Noticed an ogre
  3921 | D:4      | Killed an ogre
  4133 | D:4      | Slain by a scorpion

Illustrated notes

Levels and vault maps discovered:
D:1:      zaba_arrival_water, layout_loops_corners, minivault_5,
          hangedman_decor_diamond_cutter, minmay_hexomino_p4
D:2:      layout_loops_ring, shapermc_ecumenical_altar_gd
D:3:      layout_rooms, serial_shops, shop
D:4:      cheibrodos_thug_alley, layout_basic, grunt_decor_arrowhead, uniq_ijyb

Skill      XL: |  1  2  3  4  5  6 |
---------------+-------------------+-----
Dodging        | 2 |  2.0
Fighting       | 1 2 3 4 |  4.4
Stealth        | 3 4 |  4.0
Ranged Weapons | 1 2 3 |  3.8
Spellcasting   | |  2.1
Conjurations   | |  0.8
Alchemy        | |  4.0

Action                     |  1- 3 |  4- 6 || total
---------------------------+-------+-------++-------
  Melee: Unarmed           |    11 |       ||    11
         Short sword       |     2 |    16 ||    18
   Fire: Sling             |       |   102 ||   102
   Cast: Sting             |    70 |    49 ||   119
  Evoke: Wand              |       |     2 ||     2
    Use: Scroll            |       |     8 ||     8
         Potion            |       |     1 ||     1
 Armour: Robe              |    16 |    42 ||    58
  Dodge: Dodged            |    33 |    34 ||    67
  Block: Other             |     1 |    16 ||    17
